 Dungeon Crawl Stone Soup version 0.15-a0-2036-g5428f20 (webtiles) character file.

136 N00bl0rd the Shooter (level 4, -1/21 HPs)
             Began as a Spriggan Arcane Marksman on July 13, 2014.
             Killed from afar by an orc wizard (2 damage)
             ... with a magic dart
             ... on Level 3 of the Dungeon.
             The game lasted 00:19:16 (3508 turns).

N00bl0rd the Shooter (Spriggan Arcane Marksman)     Turns: 3508, Time: 00:19:16

HP  -1/21        AC  3     Str  7      XL: 4   Next: 98%
MP   9/11        EV 19     Int 14      God:
Gold 139         SH  0     Dex 16      Spells:  3 memorised,  1 level left

rFire  . . .     SeeInvis +     z - +0 short sword (speed)
rCold  . . .     Clarity  .     a - +0 robe
rNeg   . . .     rCorr    .     (shield restricted)
rPois  .         rRot     .     (helmet restricted)
rElec  .         Spirit   .     t - +0 cloak
SustAb .         Warding  .     (gloves unavailable)
rMut   .         Stasis   +     (boots unavailable)
Gourm  .                        w - amulet of stasis
MR     .....                    (no ring)
                                v - ring of stealth

@: very slightly contaminated, very quick, not resistant to hostile
enchantments, unstealthy
A: unfitting armour, see invisible, herbivore 3, speed 3, slow metabolism 2
a: no special abilities


You were on level 3 of the Dungeon.
You were not hungry.

You visited 1 branch of the dungeon, and saw 3 of its levels.

You collected 139 gold pieces.

Inventory:

Hand weapons
 b - a +0 shortbow
 x - a +0 dagger
 z - a +0 short sword of speed (weapon)
Missiles
 c - 3 arrows
Armour
 a - a +0 robe (worn)
 t - a +0 cloak (worn)
Magical devices
 l - a wand of fireball (4)
 s - a wand of digging (3)
Comestibles
 j - a slice of pizza
 o - a bread ration
 p - a royal jelly
Scrolls
 h - 2 scrolls of recharging {unknown}
 m - 3 scrolls of remove curse {unknown}
 q - a scroll of fear {unknown}
 r - 2 scrolls of magic mapping {unknown}
 y - a scroll of blinking {unknown}
Jewellery
 i - an uncursed ring of fire
 v - a ring of stealth (left hand)
 w - an amulet of stasis (around neck)
Potions
 e - a potion of agility {unknown}
 f - a potion of haste {unknown}
 g - a potion of flight {unknown}
 k - 2 potions of might {unknown}
 n - a potion of restore abilities {unknown}
Books
 d - a book of Debilitation

   Spells                             Type                      Level
   *Corona                            Hexes                        1
   *Slow                              Hexes                        2
   *Inner Flame                       Hexes/Fire                   3
   Enslavement                        Hexes                        4
   Cause Fear                         Hexes                        4
   Leda's Liquefaction                Hexes/Earth                  4
 u - a book of Death

   Spells                             Type                      Level
   Corpse Rot                         Necromancy                   2
   Sublimation of Blood               Necromancy                   2
   Agony                              Necromancy                   5
   Dispel Undead                      Necromancy                   5
   Excruciating Wounds                Charms/Necromancy            5
   Bolt of Draining                   Conjuration/Necromancy       5


   Skills:
 + Level 0.8 Fighting
 + Level 0.0 Short Blades
 * Level 4.7 Bows
 - Level 4.0 Dodging
 + Level 2.3 Spellcasting
 - Level 4.4 Hexes


You had one spell level left.
You knew the following spells:

 Your Spells              Type           Power        Failure   Level  Hunger
a - Corona                Hex            ##.....      3%          1    #......
b - Slow                  Hex            ##......     6%          2    ###....
c - Inner Flame           Hex/Fire       #.......     30%         3    ####...


Dungeon Overview and Level Annotations

Branches:
Dungeon (3/15)

Altars:
Dithmenos
Trog


Innate Abilities, Weirdness & Mutations

You are tiny and cannot use many weapons and most armour.
You have supernaturally acute eyesight.
You are a herbivore.
You cover ground extremely quickly.
You need consume almost no food.


Message History

Confirm with . or Enter, or press ? or * to list all spells.
Aiming: Inner Flame
Press: ? - help, Shift-Dir - straight line, f - orc wizard
Aim: an orc wizard, wielding a dagger and wearing a robe (fast)
You miscast Inner Flame.
You are very lightly contaminated with residual magic.
Your skin glows momentarily.
The orc wizard mumbles some strange words.
The orc wizard blinks!
The orc wizard points at you and mumbles some strange words.
The magic dart hits you!
* * * LOW HITPOINT WARNING * * *
Things that are here:
a scale mail; the rotting human corpse of Terence The orc wizard gestures at you while chanting.
The magic dart hits you!
* * * LOW HITPOINT WARNING * * *
The orc wizard gestures at you while chanting.
The magic dart hits you!
You die...

#.############# #.# #.##### #.#
#.#.... #.# #...... #.#
####...### ### #.####......#.#
#.# #..)........#.#
###.#############......#.#.#
#...o[.....@....%...⌠.......
#.#.###########.............
#.#.# #########.##.....#...#
#.#.# #.......#.####...##..#
######.#o###.......'........##..#
..........##.......#.####...##...
######.#..######'###.# #...##..#
#.#......(#.###.####...##..#
#####>).........................


You could see an orc wizard.

Vanquished Creatures
  Jessica (D:3)
  Terence (D:3)
  4 adders
  A worm (D:3)
  2 giant geckos (D:3)
  3 orcs (D:3)
  6 bats
  11 hobgoblins
  7 jackals (D:2)
  5 kobolds
  2 oozes
  3 giant cockroaches
  3 giant newts
  4 goblins (D:1)
  A quokka (D:3)
  4 rats
58 creatures vanquished.

Notes
Turn   | Place    | Note
--------------------------------------------------------------
     0 | D:1      | N00bl0rd, the Spriggan Arcane Marksman, began the quest for the Orb.
     0 | D:1      | Reached XP level 1. HP: 9/9 MP: 3/3
   258 | D:1      | Reached XP level 2. HP: 14/14 MP: 3/5
   273 | D:1      | Learned a level 2 spell: Slow
  1008 | D:2      | Reached skill level 4 in Hexes
  1008 | D:2      | Reached XP level 3. HP: 8/17 MP: 3/8
  1869 | D:2      | Reached XP level 4. HP: 21/21 MP: 9/11
  2011 | D:3      | Noticed Jessica
  2035 | D:3      | Killed Jessica
  2393 | D:3      | Learned a level 3 spell: Inner Flame
  2607 | D:3      | Found a bloodstained altar of Trog.
  2607 | D:3      | Found a shadowy altar of Dithmenos.
  2964 | D:3      | Noticed Terence
  3149 | D:3      | Killed Terence
  3507 | D:3      | HP: 1/21 [orc wizard/magic dart (5)]
  3508 | D:3      | Killed from afar by an orc wizard

Action                   |  1- 3 |  4- 6 || total
-------------------------+-------+-------++-------
Melee: Dagger            |       |    41 ||    41
       Short sword       |       |     2 ||     2
       Shortbow          |       |     2 ||     2
 Fire: Shortbow          |   117 |    58 ||   175
 Cast: Corona            |    36 |    27 ||    63
       Slow              |     3 |     7 ||    10
       Inner Flame       |       |     3 ||     3
Evoke: Wand              |     1 |     1 ||     2
  Use: Potion            |       |     1 ||     1
 Stab: Sleeping          |       |     1 ||     1
